 Dungeon Crawl Stone Soup version 0.28.0-53-g5a82cb258f (webtiles) character file.

Game seed: 35679381656031271

3446 Zeld the Changer (level 9, -8/90 HPs)
             Began as a Grey Draconian Transmuter on May 21, 2022.
             Was an Initiate of Gozag.
             Killed by divine providence
             ... invoked by an orc priest
              (10 damage)
             ... on level 8 of the Dungeon.
             The game lasted 00:12:03 (13544 turns).

Zeld the Changer (Grey Draconian Transmuter)       Turns: 13544, Time: 00:12:04

Health: -8/90      AC:  7    Str: 16    XL:     9   Next: 77%
Magic:  29/29      EV: 11    Int: 15    God:    Gozag
Gold:   244        SH:  0    Dex: 11    Spells: 12/22 levels left

rFire   x . .      SeeInvis .     - Unarmed
rCold   + + +      Faith    .   (shield currently unavailable)
rNeg    . . .      Spirit   .   (armour unavailable)
rPois   +          Reflect  .   (helmet currently unavailable)
rElec   .          Harm     .   (cloak currently unavailable)
rCorr   .          Rampage  .   (gloves currently unavailable)
Will    .....                   (boots currently unavailable)
Stlth   +.........              (no amulet)
HPRegen 0.25/turn               k - ring of magical power
MPRegen 0.21/turn               (no ring)

@: ice-form, gold aura
A: freezing attack, boosted hp, AC +12, amphibious, large, unfitting armour,
(cold-blooded)
a: End Transformation, Renounce Religion, Potion Petition, Call Merchant, Bribe
Branch


You were on level 8 of the Dungeon.
You worshipped Gozag.
Gozag was aware of your devotion.
You were a creature of crystalline ice.
You visited 2 branches of the dungeon, and saw 9 of its levels.
You also visited: Bailey.

You collected 977 gold pieces.
You spent 700 gold pieces at shops.
You paid 33 gold pieces to Gozag.

Inventory:

Jewellery
 k - a ring of magical power (left front paw)
Wands
 j - a wand of digging (6)
 o - a wand of charming (9)
 w - a wand of flame (14)
 x - a wand of polymorph (3)
 A - a wand of paralysis (7)
 C - a wand of iceblast (7)
Scrolls
 b - 4 scrolls of teleportation {unknown}
 c - 2 scrolls of blinking {unknown}
 f - 4 scrolls of magic mapping {unknown}
 l - 4 scrolls of identify {unknown}
 m - 3 scrolls of enchant weapon {unknown}
 p - 3 scrolls of noise {unknown}
 q - a scroll of fear {unknown}
 s - a scroll of immolation {unknown}
 t - a scroll of amnesia {unknown}
 u - 2 scrolls of summoning {unknown}
 y - 2 scrolls of fog {unknown}
Potions
 a - 3 potions of haste {unknown}
 d - 2 potions of lignification {unknown}
 e - 2 potions of curing
 g - 2 potions of resistance
 h - 6 potions of might
 i - a potion of degeneration {unknown}
 n - 2 potions of ambrosia
 r - 5 potions of brilliance {unknown}
 v - 2 potions of flight {unknown}
 z - a potion of invisibility
 B - a potion of berserk rage {unknown}


   Skills:
 + Level 5.9 Fighting
 + Level 5.1 Dodging
 - Level 3.0 Unarmed Combat
 * Level 7.3 Spellcasting
 * Level 7.9 Transmutations
 - Level 2.0 Ice Magic
 - Level 2.0 Poison Magic
 * Level 2.6 Evocations


You had 12 spell levels left.
You knew the following spells:

 Your Spells              Type           Power      Damage    Failure   Level
a - Beastly Appendage     Tmut           58%        N/A       1%          1
b - Wereblood             Tmut           29%        N/A       1%          2
c - Spider Form           Tmut/Pois      20%        N/A       4%          3
d - Ice Form              Ice/Tmut       20%        N/A       17%         4

Your spell library contained the following spells:

 Spells                   Type           Power      Damage    Failure   Level
 Animate Skeleton         Necr           10%        N/A       13%         1
 Pain                     Necr           20%        1d5       13%         1
 Gell's Gravitas          Tloc           5%         N/A       36%         3
 Lesser Beckoning         Tloc           5%         N/A       36%         3
 Teleport Other           Tloc           5%         N/A       36%         3
 Vampiric Draining        Necr           5%         2d6       36%         3


Dungeon Overview and Level Annotations

Branches:
Dungeon (8/15)             Temple (1/1) D:6          Bailey (visited)
   Lair: D:8-11

Altars:
Ashenzari
Cheibriados
Dithmenos
Fedhas
Gozag
Hepliaklqana
Makhleb
Nemelex Xobeh
Okawaru
Qazlal
Ru
Sif Muna
Trog
Vehumet
Wu Jian
Xom
Yredelemnul
Zin
The Shining One

Shops:
D:2 **[!


Innate Abilities, Weirdness & Mutations

You are a creature of crystalline ice.
You have a powerful freezing melee attack.
Your maximum health is increased.
Your armour is entirely melded.
You are incapable of wielding weapons or throwing items.
((Your dull iron-grey scales are very hard. (AC +12)))
You are amphibious.
You cannot fit into any form of body armour.
((You are cold-blooded and may be slowed by cold attacks.))


Message History

The orc priest invokes the aid of Beogh against you.
Pain shoots through your body!
The orc priest shouts!
The orc priest hits you with a +0 hand axe.
The orc priest mumbles some strange prayers to Beogh against you.
Beogh smites you! The orc priest barely misses you.
Found a ring mail and 7 gold pieces.
The orc priest invokes the aid of Beogh against you.
Beogh smites you!
The orc priest hits you with a +0 dagger.
You are too injured to fight recklessly!
You are too injured to fight recklessly!
You are too injured to fight recklessly!
The orc priest invokes the aid of Beogh against you.
You struggle to resist.
You punch the orc! You freeze the orc.
You kill the orc!
The orc priest mumbles some strange prayers to Beogh against you.
Beogh smites you!
Things that are here:
6 gold pieces; a +0 whip You hit the orc warrior but do no damage.
You completely miss the orc warrior. The orc warrior closely misses you.
The orc priest casts a cantrip, but nothing happens.
You hit the orc warrior. You freeze the orc warrior.
The orc warrior is lightly wounded.
The orc warrior closely misses you.
You barely miss the orc warrior.
The orc warrior is lightly wounded.
The orc warrior hits you with a +0 dire flail!
* * * LOW HITPOINT WARNING * * *
You hit the orc warrior. You freeze the orc warrior.
The orc warrior is lightly wounded.
The orc warrior hits you with a +0 dire flail!
* * * LOW HITPOINT WARNING * * *
The orc priest looks satisfied for a moment.
The orc priest mumbles some strange prayers to Beogh against you.
Beogh smites you!
You die...
Your body crumbles into a pile of gold.

#..PP♣♣.♣♣P........#
##.≈≈P.bP...≈≈......#
#..≈≈.P♣♣ P.≈≈......#
#####...#.#####.........#
#####.......................#
.......####...#####.........#
######.# ###.### #.........#
#......# #...###.........#
..###### ###.Yooo(.......#
### ####o#####+#### ### #...
#.# #.#.#
#.############....(#.#
.................... #
#.##.....### #....##
..######..# ##....#
#......##.###.....#


You could see an orc warrior and 3 orc priests.

Vanquished Creatures
  An orc knight (Bailey)
  Eustachio (D:6)
  A water moccasin (D:8)
  4 orc warriors
  2 sky beasts
  A black bear (D:5)
  A necrophage (D:6)
  2 ogres
  2 centaurs
  3 bullfrogs
  A wyvern zombie (D:7)
  2 gnoll sergeants
  6 scorpions (D:6)
  3 wyvern skeletons (D:7)
  A water moccasin skeleton (D:4)
  2 hounds
  A bullfrog zombie (D:7)
  A bullfrog skeleton (D:7)
  A centaur skeleton (D:5)
  3 centaur zombies
  An orc priest (D:7)
  Jessica (D:3)
  7 orc wizards
  2 iguanas
  2 hound skeletons
  9 gnolls
  A howler monkey skeleton (D:4)
  5 adders
  An adder skeleton (D:5)
  4 dart slugs
  25 orcs
  6 ball pythons
  5 endoplasms
  6 giant cockroaches
  15 goblins
  4 hobgoblins
  A quokka (D:3)
  5 bats
  3 frilled lizards
  12 kobolds
  8 rats
  A butterfly (D:6)
163 creatures vanquished.

Vanquished Creatures (collateral kills)
  An orc (Bailey)
  2 hobgoblins (Bailey)
  3 kobolds (Bailey)
6 creatures vanquished.

Vanquished Creatures (others)
  A plant (D:7)
1 creature vanquished.

Grand Total: 170 creatures vanquished

Notes
Turn   | Place    | Note
-------+----------+-------------------------------------------
     0 | D:1      | Zeld the Draconian Transmuter began the quest for the Orb.
     0 | D:1      | Reached XP level 1. HP: 16/16 MP: 3/3
   281 | D:1      | Reached XP level 2. HP: 23/23 MP: 1/5
   289 | D:1      | Learned a level 2 spell: Wereblood
   603 | D:1      | Reached XP level 3. HP: 27/28 MP: 4/6
   607 | D:1      | Learned a level 3 spell: Spider Form
  1076 | D:2      | Found a broken altar of Ashenzari.
  1098 | D:2      | Found Beegeca's Armour Boutique.
  1255 | D:2      | Found Qopt's Distillery.
  1261 | D:2      | Bought a potion of curing for 33 gold pieces
  1480 | D:2      | Found Vuece's Assorted Antiques.
  1509 | D:2      | Found Ycaistrua's Assorted Antiques.
  1544 | D:2      | Bought a murky ruby potion for 17 gold pieces
  1807 | D:3      | Noticed Jessica
  1819 | D:3      | Killed Jessica
  1820 | D:3      | Reached skill level 1 in Poison Magic
  1820 | D:3      | Reached XP level 4. HP: 35/36 MP: 6/8
  2219 | D:3      | Reached skill level 1 in Ice Magic
  2343 | D:3      | Reached XP level 5. HP: 26/41 MP: 5/9
  2621 | D:3      | Learned a level 4 spell: Ice Form
  3291 | D:4      | Found a bloodstained altar of Trog.
  3512 | D:4      | Noticed an ogre
  3520 | D:4      | Killed an ogre
  3521 | D:4      | Reached XP level 6. HP: 50/50 MP: 7/11
  3666 | D:5      | Entered Level 5 of the Dungeon
  3933 | D:5      | Noticed a sky beast
  3959 | D:5      | Identified the +7 trident "Adanwion" {vorpal, rCorr Dex+3
                  | Stlth+}
  3993 | D:5      | Killed a sky beast
  4225 | D:5      | Found an opulent altar of Gozag.
  4268 | D:5      | Found an ornate altar of the Wu Jian Council.
  4308 | D:5      | Became a worshipper of Gozag Ym Sagoz the Greedy
  4371 | D:5      | Your scales start taking on a dull iron-grey colour.
  4371 | D:5      | Reached XP level 7. HP: 40/57 MP: 13/13
  4898 | D:5      | Found a snail-covered altar of Cheibriados.
  5165 | D:2      | Bought a scroll labelled ECVYEL CUROCS for 19 gold pieces
  5165 | D:2      | Bought a scroll labelled SERUYT CEFO for 19 gold pieces
  5180 | D:2      | Bought a scroll labelled UGOMEZ PECK for 23 gold pieces
  5245 | D:6      | Found a shimmering blue altar of Sif Muna.
  5477 | D:6      | Reached skill level 5 in Transmutations
  5755 | D:6      | Found a hazy altar of Hepliaklqana.
  5984 | D:6      | Reached skill level 5 in Spellcasting
  5984 | D:6      | Reached XP level 8. HP: 15/66 MP: 15/15
  6380 | D:6      | Found a staircase to the Ecumenical Temple.
  6438 | Temple   | Entered the Ecumenical Temple
  6669 | D:6      | Noticed Eustachio
  6731 | D:6      | Killed Eustachio
  6963 | D:6      | Found a runed translucent door.
  6965 | D:6      | Found a runed translucent door.
  7461 | D:2      | Bought 2 sedimented grey potions for 41 gold pieces
  7461 | D:2      | Bought 3 scrolls labelled XENUSOXK PIOW for 69 gold pieces
  7461 | D:2      | Bought a fluorescent wand for 92 gold pieces
  7647 | D:7      | Found a blossoming altar of Fedhas.
  7788 | D:7      | Found a flagged portal.
  7842 | Bailey   | Entered a bailey
  7848 | Bailey   | Noticed an orc warlord
  7892 | Bailey   | Noticed an orc knight
  8746 | Bailey   | Killed an orc knight
  8747 | Bailey   | Reached skill level 5 in Fighting
  8747 | Bailey   | Reached XP level 9. HP: 14/74 MP: 18/18
  9498 | Bailey   | Found a runed translucent gate.
  9498 | Bailey   | Found a runed translucent gate.
  9498 | Bailey   | Found a runed translucent gate.
  9857 | D:2      | Bought a potion of might for 44 gold pieces
  9857 | D:2      | Bought a potion of ambrosia for 88 gold pieces
  9857 | D:2      | Bought a potion of invisibility for 88 gold pieces
 10565 | D:7      | Found a glowing golden altar of the Shining One.
 10581 | D:7      | Reached skill level 1 in Evocations
 11016 | D:2      | Bought a potion of curing for 57 gold pieces
 11068 | D:2      | Bought a potion of resistance for 110 gold pieces
 11552 | D:7      | Reached skill level 5 in Dodging
 13544 | D:8      | HP: 2/90 [orc warrior/+0 dire flail (11)]
 13544 | D:8      | Killed from afar by an orc priest

Illustrated notes

Levels and vault maps discovered:
D:1:      minmay_arrival_three_doors, layout_loops_ring
D:2:      layout_loops_cross, serial_shops, nicolae_shop_overgrown_old_shop,
          nicolae_shop_crystal, shop, nicolae_square_shop, basic_altar
D:3:      layout_loops_ring, uniq_jessica
D:4:      layout_gridville, trog_book, kennysheep_generic_room_10
D:5:      layout_basic, lemuel_doored_altar, nicolae_wu_jian_wuxing_cycle,
          chei_slow_surprise
D:6:      lemuel_insect_pit, layout_loops_ring, mainiacjoe_overflow_24_doors,
          mainiacjoe_overflow_small_starburst,
          minmay_temple_entry_enclosed_plants, uniq_eustachio
D:7:      layout_loops_ring, fedhas_altar_1, nicolae_tso_swordbearing_angel,
          enter_bailey_3, serial_park_tiny_1
D:8:      layout_rooms, kennysheep_little_box, nicolae_elyvilon_peaceful_grove,
          grunt_ministairs_7
Temple:   compressed_dpeg_circular_temple

Skill      XL: |  1  2  3  4  5  6  7  8  9 |
---------------+----------------------------+-----
Dodging        | 2 3 4 5 |  5.1
Poison Magic   | 1 2 |  2.0
Fighting       | 2 3 5 |  5.9
Transmutations | 3 4 5 7 |  7.9
Spellcasting   | 3 4 5 6 7 |  7.3
Ice Magic      | 1 2 |  2.0
Evocations     | 2 |  2.6
Unarmed Combat | |  3.0

Action                   |  1- 3 |  4- 6 |  7- 9 || total
-------------------------+-------+-------+-------++-------
Melee: Unarmed           |    87 |   125 |   402 ||   614
       Kick              |    18 |    13 |       ||    31
       Headbutt          |     7 |     7 |       ||    14
       Tailslap          |     5 |    10 |    11 ||    26
       Punch             |       |     3 |     3 ||     6
       Dagger            |       |     8 |       ||     8
 Cast: Beastly Appendage |    40 |    17 |       ||    57
       Spider Form       |       |     7 |    29 ||    36
       Ice Form          |       |       |    24 ||    24
 Abil: End Transformatio |       |       |     1 ||     1
Evoke: Wand              |       |       |    24 ||    24
 Stab: Sleeping          |     2 |     1 |       ||     3
Armor: Skin              |    22 |    44 |   113 ||   179
Dodge: Dodged            |    51 |   106 |   366 ||   523
